Map: Bel'Shir Vestige LE (Void)

Players

Stats - Winner!

  • Race: Protoss Protoss
  • Spawn Location: 11:00

Nerchio

  • Race: Zerg Zerg
  • Spawn Location: 5:00

Event: IEM XI Katowice - World Championship 2017

VOD

Have the link to the VOD?

Description

Time

  • Played on: March 4, 2017, 8:42 a.m.
  • Length: 10:09

All games in this series

Show
View Real Time Build Order
Export as new Build Order

Stats Protoss - Winner!

Build Orders: 1 Gate Expand, Oracle Opening 

Get SALT Encoding   

  12  0:00  Probe (Chrono Boost)  
  13  0:11  Probe (Chrono Boost)  
  14  0:19  Pylon  
  14  0:21  Probe (Chrono Boost)  
  15  0:37  Probe (Chrono Boost)  
  16  0:43  Gateway  
  16  0:48  Probe (Chrono Boost)  
  16  0:49  Assimilator  
  17  0:58  Probe (Chrono Boost)  
  18  1:09  Probe (Chrono Boost)  
  19  1:20  Probe (Chrono Boost)  
  20  1:28  Nexus  
  20  1:34  Cybernetics Core  
  20  1:36  Probe (Chrono Boost)  
  21  1:41  Assimilator  
  22  1:47  Probe (Chrono Boost)  
  22  1:51  Pylon  
  22  1:57  Probe (Chrono Boost)  
  23  2:07  Adept  
  23  2:10  Warp Gate, Probe (Chrono Boost)  
  27  2:23  Probe (Chrono Boost)  
  27  2:31  Stargate  
  27  2:33  Adept  
  27  2:35  Probe (Chrono Boost)  
  30  2:40  Probe (Chrono Boost)  
  31  2:46  Probe (Chrono Boost)  
  31  2:51  Probe (Chrono Boost)  
  33  2:57  Probe (Chrono Boost)  
  34  3:01  Probe (Chrono Boost)  
  35  3:07  Probe (Chrono Boost)  
  35  3:10  Oracle  
  35  3:12  Probe (Chrono Boost)  
  37  3:14  Gateway x2  
  37  3:19  Probe (Chrono Boost)  
  41  3:22  Probe (Chrono Boost)  
  41  3:26  Twilight Council  
  42  3:27  Adept  
  42  3:32  Probe (Chrono Boost)  
  45  3:34  Pylon  
  45  3:35  Probe (Chrono Boost)  
  46  3:45  Pylon  
  46  3:49  Void Ray  
  46  3:51  Assimilator  
  46  3:52  Probe (Chrono Boost)  
  46  3:54  Probe (Chrono Boost)  
  52  3:59  Resonating Glaives  
  52  4:04  Probe (Chrono Boost)  
  52  4:06  Pylon, Probe (Chrono Boost)  
  54  4:17  Assimilator, Probe (Chrono Boost)  
  56  4:18  Probe (Chrono Boost)  
  56  4:19  Adept  
  56  4:21  Adept  
  56  4:23  Adept  
  62  4:34  Probe x2 (Chrono Boost)  
  62  4:38  Nexus  
  64  4:44  Adept x2  
  68  4:47  Adept  
  68  4:51  Pylon  
  70  4:53  Pylon  
  70  5:09  Adept  
  70  5:10  Adept, Mothership Core (Chrono Boost)  
  70  5:11  Probe (Chrono Boost)  
  70  5:12  Adept  
  79  5:21  Pylon  
  80  5:22  Pylon  
  80  5:23  Probe (Chrono Boost)  
  80  5:28  Probe (Chrono Boost)  
  82  5:36  Probe (Chrono Boost)  
  82  5:38  Probe (Chrono Boost)  
  82  5:39  Sentry x3  
  82  5:41  Forge  
  89  5:43  Robotics Facility  
  89  5:46  Probe (Chrono Boost)  
  89  5:49  Probe (Chrono Boost)  
  91  5:54  Probe (Chrono Boost)  
  92  5:57  Probe (Chrono Boost)  
  92  5:59  Protoss Ground Weapons Level 1  
  93  6:06  Probe (Chrono Boost)  
  93  6:07  Probe (Chrono Boost)  
  93  6:08  Probe (Chrono Boost)  
  96  6:11  Sentry  
  96  6:12  Sentry x2  
  96  6:14  Gateway  
  96  6:15  Gateway  
  96  6:17  Gateway  
  103  6:19  Probe (Chrono Boost)  
  103  6:32  Probe x2 (Chrono Boost)  
  100  6:33  Probe (Chrono Boost), Warp Prism  
  90  6:42  Gateway  
  90  6:44  Probe (Chrono Boost), Robotics Facility  
  90  6:45  Gateway  
  90  6:46  Assimilator, Probe x2 (Chrono Boost)  
  87  6:48  Assimilator  
  87  6:57  Stalker x3  
  93  7:02  Probe (Chrono Boost)  
  93  7:03  Gateway  
  93  7:04  Probe x2 (Chrono Boost)  
  93  7:05  Gateway  
  93  7:06  Gateway  
  93  7:07  Photon Cannon  
  96  7:21  Observer  
  100  7:28  Adept x2  
  100  7:29  Blink, Adept x2  
  105  7:31  Immortal  
  109  7:37  Immortal  
  113  7:45  Protoss Ground Weapons Level 2  
  113  7:59  Stalker x2  
  113  8:02  Pylon  
  113  8:03  Pylon  
  113  8:04  Pylon x3  
  117  8:05  Pylon  
  117  8:23  Stalker x5  
  117  8:24  Stalker x6  
  139  8:45  Immortal x2  
  147  9:00  Stalker x2  
  147  9:01  Stalker x7  
  165  9:08  Pylon  
  165  9:09  Pylon x2  
  165  9:27  Adept x3  
  149  9:33  Adept x2  
  149  9:34  Adept x6  
  157  9:45  Nexus  
  153  9:56  Adept x6  
  165  10:06  Stalker  
Show
View Real Time Build Order
Export as new Build Order

Nerchio Zerg 

Build Orders: Hatch First 

Get SALT Encoding   

  12  0:00  Drone  
  13  0:12  Overlord  
  13  0:17  Drone  
  14  0:30  Drone  
  14  0:31  Drone  
  14  0:34  Drone  
  17  0:45  Drone  
  18  0:56  Drone  
  19  1:03  Hatchery  
  18  1:07  Extractor  
  17  1:14  Spawning Pool  
  17  1:17  Drone  
  17  1:20  Drone  
  18  1:28  Drone  
  19  1:38  Overlord  
  19  1:49  Drone  
  20  2:01  Zergling x2, Queen  
  21  2:08  Metabolic Boost  
  23  2:11  Drone  
  23  2:15  Zergling x2, Queen  
  25  2:22  Drone  
  28  2:26  Drone  
  29  2:32  Drone  
  30  2:41  Hatchery  
  30  2:42  Drone  
  30  2:45  Drone  
  30  2:50  Zergling x2  
  31  2:54  Queen  
  33  2:58  Overlord  
  33  3:02  Drone  
  34  3:06  Drone  
  34  3:10  Drone  
  36  3:17  Drone x3  
  36  3:18  Drone  
  36  3:19  Drone  
  41  3:24  Drone x2  
  41  3:25  Drone  
  44  3:29  Overlord  
  44  3:37  Roach Warren  
  44  3:38  Drone  
  44  3:43  Overlord, Extractor  
  44  3:48  Drone x3  
  46  3:58  Lair  
  46  3:59  Drone x3  
  46  4:01  Drone  
  50  4:05  Spore Crawler, Drone  
  50  4:08  Drone  
  50  4:11  Drone x2  
  50  4:15  Spore Crawler  
  51  4:17  Evolution Chamber  
  51  4:20  Spore Crawler  
  51  4:22  Drone  
  51  4:24  Drone  
  51  4:25  Drone  
  51  4:29  Drone x2  
  51  4:30  Drone  
  55  4:32  Drone  
  55  4:34  Drone  
  55  4:36  Overlord  
  57  4:39  Drone  
  57  4:40  Drone  
  57  4:43  Overlord  
  59  4:47  Zerg Melee Weapons Level 1  
  59  4:48  Extractor  
  59  4:49  Overlord  
  59  4:51  Overlord  
  58  4:55  Glial Reconstitution  
  58  4:57  Drone x2  
  58  4:58  Drone  
  58  4:59  Drone  
  62  5:01  Drone  
  62  5:02  Drone  
  62  5:05  Drone x2  
  65  5:08  Drone  
  65  5:11  Drone x2  
  65  5:12  Drone  
  65  5:13  Extractor  
  66  5:16  Drone x3  
  66  5:17  Drone x2  
  71  5:23  Roach x2  
  71  5:25  Roach  
  77  5:30  Baneling Nest  
  77  5:31  Zergling x2  
  77  5:32  Extractor  
  77  5:33  Extractor  
  77  5:34  Zergling x2  
  75  5:36  Overlord  
  75  5:40  Zergling x2  
  75  5:41  Zergling x4  
  75  5:42  Zergling x2  
  82  5:50  Roach x2  
  82  5:51  Roach x2  
  82  5:52  Roach x3  
  82  5:55  Roach x2  
  91  5:57  Roach  
  91  6:00  Roach  
  93  6:06  Roach  
  93  6:08  Roach  
  93  6:09  Roach  
  93  6:15  Roach  
  93  6:19  Roach  
  89  6:30  Drone x3  
  84  6:33  Drone  
  84  6:34  Drone  
  84  6:36  Drone  
  84  6:39  Drone  
  84  6:42  Drone  
  84  6:44  Drone  
  86  6:47  Drone  
  86  6:51  Zerg Melee Weapons Level 2  
  87  6:55  Drone  
  87  6:56  Drone  
  87  6:58  Drone  
  87  6:59  Drone  
  87  7:00  Drone  
  90  7:02  Drone  
  90  7:03  Drone  
  90  7:07  Queen  
  92  7:10  Overlord  
  92  7:12  Zergling x2  
  93  7:18  Drone  
  93  7:19  Drone x4  
  98  7:25  Infestation Pit, Overlord  
  98  7:26  Overlord  
  97  7:32  Zergling x8  
  101  7:44  Overlord  
  101  7:48  Hatchery  
  101  7:49  Centrifical Hooks  
  98  7:53  Drone  
  98  7:54  Drone x2  
  98  7:55  Drone  
  97  8:02  Queen  
  100  8:05  Zergling x2  
  100  8:07  Queen  
  100  8:11  Ravager x5  
  100  8:12  Ravager x2  
  109  8:14  Zergling x4  
  109  8:15  Zergling x4  
  109  8:17  Zergling x2  
  109  8:18  Zergling x2  
  114  8:23  Zergling x6  
  114  8:24  Zergling x4  
  119  8:30  Infestor x2  
  119  8:34  Overlord  
  123  8:36  Overlord  
  123  8:37  Zergling x2  
  123  8:38  Zergling x4  
  123  8:41  Baneling x7  
  125  8:42  Zergling x2  
  126  8:48  Zergling x4  
  126  8:49  Zergling x4  
  126  8:50  Overlord  
  126  8:52  Overlord  
  126  8:54  Overlord  
  128  8:55  Zergling x2  
  128  8:57  Zergling x2  
  128  8:59  Zergling x2  
  128  9:00  Zergling x2  
  128  9:02  Queen  
  133  9:05  Baneling x4  
  133  9:06  Ravager x2  
  134  9:13  Zergling x4  
  134  9:18  Zergling x4  
  132  9:30  Zergling x16  
  122  9:31  Queen x2  
  113  9:38  Roach  
  113  9:41  Roach  
  113  9:43  Roach x2  
  109  9:51  Baneling x3  

Tags
 
Add a new tag
Caveats
  • Supply blocks, unpowered buildings, or Contaminate may cause inaccurate times.
  • Supply counts are checked every 10 seconds.